 Dungeon Crawl Stone Soup version 0.25-a0-610-gd0df705f03 (webtiles) character file.

Game seed: 9922308495471374682, levelgen mode: deterministic

9786 ipx the Severer (level 11, -2/94 HPs)
             Began as a Hill Orc Fighter on Mar 17, 2020.
             Was a High Priest of Okawaru.
             Slain by a six-headed hydra (8 damage)
             ... on level 11 of the Dungeon.
             The game lasted 00:47:13 (3085 turns).

ipx the Severer (Hill Orc Fighter)                  Turns: 3085, Time: 00:47:13

Health: -2/94      AC: 18    Str: 21    XL:     11   Next: 51%
Magic:  14/15      EV: 14    Int: 12    God:    Okawaru [*****.]
Gold:   20         SH: 16    Dex: 12    Spells: 10/10 levels left

rFire    . . .     SeeInvis .   b - +2 scimitar (flame)
rCold    . . .     Gourm    .   c - +0 kite shield
rNeg     . . .     Faith    .   q - +6 scale mail of Ciskeipn {rCorr Int+4}
rPois    .         Spirit   .   D - +0 helmet (curse)
rElec    .         Reflect  +   (no cloak)
rCorr    +         Harm     .   (no gloves)
MR       .....                  F - +0 pair of boots
Stlth    ++........             X - +5 amulet of reflection
HPRegen  0.25/turn              S - +4 ring of slaying
MPRegen  0.14/turn              s - ring of stealth

@: heroism, very slightly contaminated, invisible
A: no striking features
a: Heroism, Finesse, Renounce Religion


You were on level 11 of the Dungeon.
You worshipped Okawaru.
Okawaru was extremely pleased with you.
You were not hungry.

You visited 2 branches of the dungeon, and saw 14 of its levels.

You collected 416 gold pieces.
You spent 396 gold pieces at shops.

Inventory:

Hand Weapons
 a - the +4 broad axe of Dawn {venom, +Inv rC+}
   (Okawaru gifted it to you on level 11 of the Dungeon)

   It poisons the flesh of those it strikes.
   It protects you from cold.
   It lets you turn invisible.
 b - a +2 scimitar of flaming (weapon)
Missiles
 u - a throwing net
 v - 14 poisoned darts (quivered)
 A - 2 curare-tipped darts
Armour
 c - a +0 kite shield (worn)
 m - a +0 pair of gloves
 q - the +6 scale mail of Ciskeipn (worn) {rCorr Int+4}
   (You bought it in a shop on level 12 of the Dungeon)

   It affects your intelligence (+4).
   It provides partial protection from all sources of acid and corrosion.
 D - a cursed +0 helmet (worn)
 F - a +0 pair of boots (worn)
Jewellery
 s - a ring of stealth (right hand)
 S - a +4 ring of slaying (left hand)
 X - a +5 amulet of reflection (around neck)
Wands
 d - a wand of iceblast (4)
 t - a wand of random effects (15)
 w - a wand of digging (1)
Scrolls
 g - a scroll of immolation
 h - 4 scrolls of remove curse
 i - a scroll of enchant weapon
 n - a scroll of holy word
 o - a scroll of teleportation
 p - a scroll of blinking {unknown}
 y - a scroll of fog {unknown}
 B - a scroll of amnesia {unknown}
Potions
 e - a potion of invisibility
 j - a potion of cancellation
 k - a potion of ambrosia
 l - a potion of brilliance {unknown}
 r - a potion of curing {unknown}
 x - a potion of berserk rage {unknown}
 z - a potion of lignification
 C - a potion of stabbing {unknown}
 E - a potion of mutation {unknown}
Miscellaneous
 G - a tin of tremorstones
Comestibles
 f - 14 rations


   Skills:
 - Level 8.0(13.0) Fighting
 * Level 16.1(21.1) Axes
 + Level 7.7(12.7) Armour
 - Level 5.0(10.0) Dodging
 - Level 3.2(8.2) Shields
 - Level 6.2 Invocations
 + Level 2.1 Evocations


You had 10 spell levels left.
You didn't know any spells.
Your spell library contained the following spells:

 Spells                   Type           Power        Failure   Level  Hunger
 Shock                    Conj/Air       #...         86%         1    ##.....
 Swiftness                Chrm/Air       #.......     95%         2    ###....
 Confusing Touch          Hex            #.......     99%         3    ####...
 Gell's Gravitas          Tloc           #.........   99%         3    ####...
 Static Discharge         Conj/Air       #.......     99%         3    ####...
 Airstrike                Air            #.........   100%        4    #####..
 Petrify                  Tmut/Erth      #.......     100%        4    #####..
 Lightning Bolt           Conj/Air       #.........   100%        5    ######.
 Metabolic Englaciation   Hex/Ice        #.........   100%        5    ######.
 Yara's Violent Unravell  Hex/Tmut       #.........   100%        5    ######.


Dungeon Overview and Level Annotations

Branches:
Dungeon (13/15)            Temple (1/1) D:4
   Lair: D:8-11         Orc: D:9-12      Vaults: D:13-14

Altars:
Gozag
Nemelex Xobeh
Okawaru
Uskayaw

Shops:
D:7 (   D:12 *

Annotations:
D:11 4 runed translucent doors
D:12 1 runed translucent door


Message History

The seven-headed hydra bites you but does no damage.
The seven-headed hydra closely misses you.
You block the seven-headed hydra's attack.
You block the orc warrior's attack.
The orc wizard shouts!
You chop one of the seven-headed hydra's heads off!
The flame cauterises the wound!
You slice the six-headed hydra!! You burn the six-headed hydra!
The six-headed hydra is severely wounded.
The six-headed hydra bites you but does no damage.
The six-headed hydra bites you!
* * * LOW HITPOINT WARNING * * *
The six-headed hydra barely misses you.
You block the six-headed hydra's attack.
The six-headed hydra bites you but does no damage.
You block the six-headed hydra's attack.
The orc warrior hits you with a +0 short sword!
* * * LOW HITPOINT WARNING * * *
The six-headed hydra bites you!
You die...

...
#...#)...##.......#
++##
#...[)........(...#
..8##
#....((....(.(...##
...8#
#...#.(o.###)#)..#
....#
#...##...###.##..##
....#
#...#....(.(....####
...8# ##.
##.............#
..8## #
#o.#(..........#
++##
#@##..#.#.....##


KKKZ #..?D##..####...##### oY... #....##.#####....#..> .....#
#.................... ...... #...##................ ..... #...............#
#..#...........[>.....## #......#.........##..## .............##....# You could
see a six-headed hydra, an orc warrior and an orc wizard (wandering).

Vanquished Creatures
  Erica (D:11)
  2 two-headed ogres
  A manticore (D:11)
  Maurice (D:10)
  A meliai (shapeshifter) (D:13)
  A slime creature (D:11)
  2 hippogriffs
  A shadow (D:12)
  A wraith (D:11)
  2 wyverns
  10 yaks
  A human (D:7)
  A hungry ghost (D:11)
  3 hogs (D:7)
  A water moccasin (D:8)
  2 orc warriors
  2 sky beasts
  2 ice beasts
  3 ogres
  A black bear (D:10)
  An eye of draining (D:13)
  A phantom (D:10)
  5 centaurs (D:13)
  2 big kobolds (D:11)
  4 bullfrogs
  A gnoll sergeant (D:10)
  A scorpion (D:10)
  5 killer bees (D:11)
  9 wights
  6 crimson imps
  A bullfrog zombie (D:8)
  2 hounds
  A bullfrog skeleton (D:11)
  2 orc priests (D:11)
  3 jellies
  9 orc wizards
  A centaur skeleton (D:4)
  4 iguanas
  4 worker ants
  A hound zombie (D:9)
  9 adders
  10 gnolls
  4 shadow imps
  An ooze (D:3)
  An adder zombie (D:9)
  An adder skeleton (D:4)
  2 leopard geckos
  11 orcs
  2 ball pythons (D:1)
  2 bats
  2 goblins
  3 hobgoblins
  9 kobolds (D:11)
  2 quokkas
  3 frilled lizards (D:1)
  A leopard gecko skeleton (D:4)
  6 rats
171 creatures vanquished.

Vanquished Creatures (others)
  A centaur (D:6)
  A kobold (D:11)
2 creatures vanquished.

Grand Total: 173 creatures vanquished

Notes
Turn   | Place    | Note
-------+----------+-------------------------------------------
     0 | D:1      | ipx the Hill Orc Fighter began the quest for the Orb.
     0 | D:1      | Reached XP level 1. HP: 19/19 MP: 1/1
    79 | D:1      | Reached skill level 3 in Axes
   137 | D:1      | Reached XP level 2. HP: 26/26 MP: 2/2
   273 | D:3      | Reached skill level 4 in Axes
   388 | D:3      | Reached XP level 3. HP: 31/31 MP: 3/3
   396 | D:3      | Reached skill level 5 in Axes
   398 | D:3      | Reached XP level 4. HP: 37/39 MP: 4/4
   410 | D:3      | Reached skill level 6 in Axes
   459 | D:3      | Found an opulent altar of Gozag.
   490 | D:4      | Reached XP level 5. HP: 39/46 MP: 5/5
   496 | D:3      | Found a hide-covered altar of Uskayaw.
   594 | D:4      | Found a staircase to the Ecumenical Temple.
   601 | Temple   | Entered the Ecumenical Temple
   618 | Temple   | Became a worshipper of Warmaster Okawaru
   660 | D:5      | Entered Level 5 of the Dungeon
   782 | D:5      | Reached skill level 7 in Axes
   805 | D:5      | Reached XP level 6. HP: 43/55 MP: 6/6
   846 | D:6      | Reached skill level 5 in Fighting
   891 | D:6      | Reached * piety under Okawaru
   891 | D:6      | Reached skill level 8 in Axes
   891 | D:6      | Reached XP level 7. HP: 63/63 MP: 7/7
  1004 | D:6      | Reached skill level 1 in Invocations
  1102 | D:7      | Found Tudghounnu's Weapon Shoppe.
  1123 | D:7      | Noticed a hog
  1123 | D:7      | Noticed a human
  1123 | D:7      | Noticed a yak
  1123 | D:7      | Noticed a hog
  1123 | D:7      | Noticed a hog
  1129 | D:7      | Killed a hog
  1129 | D:7      | Reached skill level 9 in Axes
  1137 | D:7      | Killed a human
  1137 | D:7      | Reached ** piety under Okawaru
  1137 | D:7      | Reached XP level 8. HP: 70/70 MP: 7/11
  1153 | D:7      | Killed a yak
  1153 | D:7      | Reached skill level 5 in Invocations
  1158 | D:7      | Reached skill level 10 in Axes
  1319 | D:8      | Reached skill level 11 in Axes
  1323 | D:8      | Reached *** piety under Okawaru
  1329 | D:8      | Reached XP level 9. HP: 51/79 MP: 11/13
  1561 | D:8      | Reached skill level 12 in Axes
  1707 | D:9      | Reached **** piety under Okawaru
  1879 | D:9      | Reached skill level 1 in Dodging
  1892 | D:10     | Entered Level 10 of the Dungeon
  1920 | D:10     | Reached skill level 13 in Axes
  1935 | D:10     | Noticed Maurice
  1947 | D:10     | Killed Maurice
  1947 | D:10     | Reached XP level 10. HP: 67/88 MP: 12/14
  2077 | D:11     | Noticed Erica
  2091 | D:10     | Reached skill level 5 in Armour
  2114 | D:11     | Reached ***** piety under Okawaru
  2114 | D:11     | Reached skill level 14 in Axes
  2226 | D:11     | Noticed a two-headed ogre
  2233 | D:11     | Killed a two-headed ogre
  2275 | D:11     | Found a large runed translucent door.
  2275 | D:11     | Found a large runed translucent door.
  2275 | D:11     | Found a large runed translucent door.
  2275 | D:11     | Found a large runed translucent door.
  2275 | D:11     | Noticed a manticore
  2280 | D:11     | Received a gift from Okawaru
  2283 | D:11     | Killed a manticore
  2283 | D:11     | Reached skill level 15 in Axes
  2284 | D:11     | Got a fine broad axe {god gift}
  2285 | D:11     | Identified the +4 broad axe of Dawn {venom, +Inv rC+}
                  | (Okawaru gifted it to you on level 11 of the Dungeon)
  2291 | D:11     | Noticed an eight-headed hydra
  2299 | D:11     | Noticed an eight-headed hydra
  2366 | D:11     | Noticed an orc knight
  2447 | D:11     | Killed Erica
  2447 | D:11     | Reached XP level 11. HP: 18/94 MP: 12/15
  2671 | D:12     | Found a runed translucent door.
  2671 | D:12     | Noticed a flayed ghost
  2671 | D:12     | Noticed a deep troll earth mage
  2671 | D:12     | Noticed a flayed ghost
  2707 | D:12     | Noticed a two-headed ogre
  2716 | D:12     | Killed a two-headed ogre
  2716 | D:12     | Reached skill level 1 in Evocations
  2871 | D:12     | Found Xuesmum's Assorted Antiques.
  2878 | D:12     | Bought a scroll of teleportation for 99 gold pieces
  2878 | D:12     | Bought a distressingly furry scale mail for 297 gold pieces
  2888 | D:12     | Identified the +6 scale mail of Ciskeipn {rCorr Int+4} (You
                  | bought it in a shop on level 12 of the Dungeon)
  2926 | D:13     | Reached skill level 16 in Axes
  2927 | D:13     | Reached skill level 5 in Dodging
  3085 | D:11     | Slain by a six-headed hydra

Levels and vault maps discovered:
D:1:      evilmike_arrival_fibonacci_small, layout_basic, minmay_hedge_maze,
          minmay_crystal_room, minmay_misc_feat_cross
D:2:      layout_basic, uniq_natasha
D:3:      layout_loops_corners, lemuel_coloured_pillars_altar,
          nicolae_gozag_seed_capital, old_standard_altar, uniq_sigmund,
          uniq_ijyb
D:4:      layout_gridville, minmay_temple_entry_tees
D:5:      layout_basic, kennysheep_mini, first_ration, uniq_duvessa
D:6:      layout_gridville, kiku_gazebo_garden_becter, kennysheep_mini_moat,
          lemuel_round_altar, roderic_lattice_a
D:7:      layout_basic, kennysheep_little_box, serial_shops, shop,
          grunt_livestock
D:8:      layout_basic, erik_lair_dragon, minmay_misc_feat_secret_circle,
          minmay_fire_ice_demons
D:9:      layout_loops_ring, old_standard_altar
D:10:     layout_rooms, kennysheep_another_room, kennysheep_generic_room_14,
          uniq_urug, uniq_maurice
D:11:     layout_cave_pools, david_orc_5, minmay_hollow_rounded_squares,
          uniq_erica
D:12:     layout_gridville, serial_shops, nicolae_shop_statue_plus,
          kennysheep_treasure_room
D:13:     layout_roguey, basic_altar, serial_shops,
          nicolae_shop_temple_entry_statues_fountains
Temple:   nicolae_temple_figure_eight

Skill      XL: |  1  2  3  4  5  6  7  8  9 10 11 |
---------------+----------------------------------+-----
Axes           | 3 4 5 6 7 8 9 11 13 15 16 | 16.1
Fighting       | 4 6 7 8 |  8.0
Invocations    | 4 6 |  6.2
Dodging        | 2 4 5 |  5.0
Armour         | 4 6 7 |  7.7
Evocations     | 2 |  2.1
Shields        | |  3.2

Action                   |  1- 3 |  4- 6 |  7- 9 | 10-12 || total
-------------------------+-------+-------+-------+-------++-------
Melee: War axe           |    44 |    62 |    78 |       ||   184
       Battleaxe         |       |       |    90 |    78 ||   168
       Broad axe         |       |       |       |    95 ||    95
       Scimitar          |       |       |       |     4 ||     4
Throw: Dart              |       |       |     5 |     2 ||     7
       Throwing net      |       |       |     1 |       ||     1
Invok: Heroism           |       |       |     5 |     7 ||    12
Evoke: Wand              |       |       |     2 |     3 ||     5
  Use: Scroll            |     2 |     2 |     4 |     4 ||    12
       Potion            |       |     1 |     3 |     6 ||    10
 Stab: Sleeping          |       |       |     1 |       ||     1
       Invisible         |       |       |       |     3 ||     3
  Eat: Chunk             |       |       |     3 |     2 ||     5
       Ration            |       |       |     1 |     1 ||     2
Armor: Scale mail        |    20 |    22 |    33 |    25 ||   100
       Skin              |       |     3 |    14 |       ||    17
       Plate armour      |       |       |       |    80 ||    80
Dodge: Dodged            |    11 |    10 |    43 |    49 ||   113
Block: Kite shield       |    21 |    30 |    36 |    63 ||   150
       Reflection        |       |     2 |       |     6 ||     8
       Other             |       |       |    14 |    15 ||    29

Table legend:
 A = Non-vault XP
 B = Vault XP
 C = Vault XP percentage of total XP
 D = Non-vault monster count
 E = Vault monster count
 F = Vault count percentage of total count
                 A         B        C        D         E       F
            +---------+---------+-------+---------+---------+-------
      Total |   11103 |    2878 |  20.6 |     162 |      10 |   5.8
            +---------+---------+-------+---------+---------+-------
        D:1 |      11 |       0 |   0.0 |       9 |       0 |   0.0
        D:2 |       5 |       0 |   0.0 |       3 |       0 |   0.0
        D:3 |     112 |       0 |   0.0 |      14 |       0 |   0.0
        D:4 |      93 |       0 |   0.0 |       6 |       0 |   0.0
        D:5 |     112 |       0 |   0.0 |       5 |       0 |   0.0
        D:6 |     368 |       0 |   0.0 |       5 |       0 |   0.0
        D:7 |     268 |     961 |  78.2 |       6 |       5 |  45.5
        D:8 |    1379 |       0 |   0.0 |      23 |       0 |   0.0
        D:9 |     540 |       0 |   0.0 |      11 |       0 |   0.0
       D:10 |     913 |     472 |  34.1 |      16 |       1 |   5.9
       D:11 |    3639 |    1445 |  28.4 |      39 |       4 |   9.3
       D:12 |    2587 |       0 |   0.0 |      15 |       0 |   0.0
       D:13 |    1076 |       0 |   0.0 |      10 |       0 |   0.0
            +---------+---------+-------+---------+---------+-------
